 Dungeon Crawl Stone Soup version 0.20-a0-945-g3bf614a (webtiles) character file.

50717 nikopol the Fighter (level 14, 0/92 HPs)
             Began as a Gargoyle Berserker on Apr 1, 2017.
             Was a High Priest of Trog.
             Slain by Ratty's ghost (1 damage)
             ... on level 2 of the Orcish Mines.
             The game lasted 01:02:15 (19453 turns).

nikopol the Fighter (Gargoyle Berserker)           Turns: 19453, Time: 01:02:16

Health: 0/92       AC: 34    Str: 25    XL:     14   Next: 56%
Magic:  14/14      EV:  8    Int:  7    God:    Trog [*****.]
Gold:   1054       SH: 13    Dex: 11    Spells: 13/13 levels left

rFire    + . .     SeeInvis .   a - +5 hand axe (chop)
rCold    + + .     Gourm    .   v - +0 shield
rNeg     + + +     Faith    .   T - +0 gold dragon scales
rPois    ∞         Spirit   .   (no helmet)
rElec    +         Reflect  .   i - +2 cloak of Perpetual Drought {rElec}
rCorr    .         Harm     .   (no gloves)
MR       ++...                  (no boots)
Stlth    ..........             j - amulet of Atheism {MR+ Regen+}
Regen    0.7/turn               r - ring of positive energy
MPRegen  0.2/turn               B - ring "Lomniduv" {rPois rC+ rN+ AC+3}

@: exhausted
A: big wings, negative energy resistance 1, electricity resistance, unbreathing,
petrification resistance, rot immunity, AC +9
a: Fly, Berserk, Trog's Hand, Brothers in Arms, Burn Spellbooks, Renounce
Religion


You were on level 2 of the Orcish Mines.
You worshipped Trog.
Trog was extremely pleased with you.
You were near starving.

You visited 3 branches of the dungeon, and saw 17 of its levels.

You collected 1522 gold pieces.
You spent 468 gold pieces at shops.

Inventory:

Hand Weapons
 a - a +5 hand axe of chopping (weapon)
 b - a +2 antimagic broad axe
 f - a +1 longbow of velocity
 l - a +0 flail of holy wrath
 o - a +1 antimagic demon blade
Armour
 i - the +2 cloak of Perpetual Drought (worn) {rElec}
   (You found it on level 5 of the Lair of Beasts)

   It insulates you from electricity.
 v - a +0 shield (worn)
 D - a cursed -1 plate armour
 G - a +2 plate armour of fire resistance
 T - +0 gold dragon scales (worn)
Jewellery
 j - the amulet of Atheism (around neck) {MR+ Regen+}
   (You bought it in a shop on level 8 of the Dungeon)

   [amulet of regeneration]

   It affects your resistance to hostile enchantments.
   It increases your rate of regeneration.
 r - a ring of positive energy (left hand)
 B - the ring "Lomniduv" (right hand) {rPois rC+ rN+ AC+3}
   (You found it on level 5 of the Lair of Beasts)

   [ring of protection]

   It affects your AC (+3).
   It protects you from cold.
   It protects you from poison.
   It protects you from negative energy.
Wands
 t - a wand of paralysis (9/24)
 w - a wand of polymorph (14/24)
 y - a wand of disintegration (15/24)
 Q - a wand of scattershot (6/9)
 V - a wand of confusion (19/48)
Scrolls
 e - 4 scrolls of fog
 k - a scroll of recharging
 m - 2 scrolls of identify
 u - 10 scrolls of remove curse
 E - 6 scrolls of teleportation
 F - 2 scrolls of fear {unknown}
 J - 4 scrolls of enchant armour {unknown}
 O - a scroll of noise {unknown}
 W - 5 scrolls of magic mapping {unknown}
 Z - 2 scrolls of enchant weapon {unknown}
Potions
 d - 2 potions of haste
 n - 3 potions of heal wounds
 p - 5 potions of might
 q - a potion of magic
 s - a potion of resistance
 x - a potion of flight {unknown}
 C - 11 potions of curing
 H - a potion of degeneration {unknown}
 I - a potion of invisibility
 X - a potion of berserk rage {unknown}
 Y - 2 potions of cancellation
Comestibles
 c - 9 bread rations
 g - 9 chunks of flesh
 h - 21 fruits
 z - 13 royal jellies
 A - 5 meat rations


   Skills:
 + Level 12.1 Fighting
 * Level 12.1 Axes
 + Level 12.0 Armour
 + Level 9.5 Dodging
 + Level 11.6 Shields


You had 13 spell levels left.
You didn't know any spells.

Dungeon Overview and Level Annotations

Branches:
Dungeon (9/15)             Temple (0/1) D:4            Lair (6/6) D:8
 Shoals (0/4) Lair:3        Snake (0/4) Lair:4        Slime (0/5) Lair:5
    Orc (2/2) D:9
    Elf: Orc:2

Altars:
Ashenzari
Cheibriados
Elyvilon
Fedhas
Makhleb
Nemelex Xobeh
Okawaru
Qazlal
Ru
Uskayaw
Vehumet
Wu Jian
Xom
Zin
The Shining One
Jiyva

Shops:
D:8 =

Annotations:
Lair:4 exclusion: oklob plant
Orc:2 Ratty's ghost, adept MiBe


Innate Abilities, Weirdness & Mutations

You are resistant to torment.
Your stone body is resilient. (AC +9)
You are immune to poison.
Your large and strong wings let you fly indefinitely.
You resist negative energy. (rN+)
You are resistant to electric shocks. (rElec)
You can survive without breathing.
You are immune to petrification.
You are immune to rotting.


Message History

You block Ratty's ghost's attack.
You hit Ratty's ghost but do no damage.
Ratty's ghost is almost destroyed.
You block Ratty's ghost's attack.
Your gold dragon scales prevents you from hitting Ratty's ghost.
Ratty's ghost is almost destroyed.
Ratty's ghost barely misses you.
You closely miss Ratty's ghost.
Ratty's ghost is almost destroyed.
You closely miss Ratty's ghost.
Ratty's ghost is almost destroyed.
Ratty's ghost hits you!
* * * LOW HITPOINT WARNING * * *
Ratty's ghost burns you.
* * * LOW HITPOINT WARNING * * *
Your stone giant goes berserk!
You feel quite a bit more hungry. Ratty's ghost hits you.
* * * LOW HITPOINT WARNING * * *
Ratty's ghost burns you.
You die...

...#
#...#.#............
#.##
##.##.#............
###
###...............
# #................
#..........W.....
##...........#..#
##.....C#....##.
#...##.W##
#...##..@#
##.###...# ###
##.## ###


You could see Ratty's ghost and a friendly stone giant (berserk).

Vanquished Creatures
  Gastronok (D:8)
  An ettin (Orc:2)
  A fire dragon (Lair:6)
  2 hydras
  Harold (Orc:1)
  5 lindwurms
  Pikel (D:9)
  2 orc knights (Orc:1)
  An orc sorcerer (Orc:2)
  A cyclops (Orc:1)
  A manticore (Lair:3)
  8 black mambas
  15 elephants
  The ghost of Graouh the Covered, a novice MiFi (D:5)
  3 molten gargoyles (Lair:6)
  A torpor snail (Lair:6)
  10 spiny frogs
  3 rime drakes
  11 komodo dragons
  2 trolls
  2 polar bears
  The ghost of jrtrd the Cleaver, an amateur HOFi (D:3)
  Prince Ribbit (D:8)
  12 blink frogs
  9 hippogriffs
  7 dream sheep (Lair:4)
  6 wyverns
  29 yaks
  Eustachio (D:4)
  13 basilisks
  Grum (D:9)
  3 steam dragons
  Menkaure (D:6)
  A naga (Lair:4)
  5 wargs
  11 water moccasins
  4 hell hounds (Lair:6)
  9 porcupines
  Duvessa (D:6)
  A sky beast (D:7)
  2 ice beasts
  14 orc warriors
  A black bear (D:9)
  4 slaves (D:9)
  3 phantoms
  2 wolves (D:9)
  6 ogres
  3 centaurs
  12 crocodiles
  2 big kobolds (D:4)
  Blork the orc (D:6)
  10 bullfrogs
  A gnoll sergeant (D:6)
  Dowan (D:6)
  4 scorpions
  9 killer bees
  A howler monkey (D:4)
  A bullfrog zombie (D:4)
  8 crimson imps
  5 lava snakes (Lair:6)
  6 hounds
  11 orc priests
  5 jellies
  12 orc wizards
  2 iguanas
  10 worker ants
  13 gnolls
  19 adders
  A shadow imp (D:8)
  7 oozes
  An adder zombie (D:5)
  An adder skeleton (D:4)
  3 worms
  2 dart slugs (D:3)
  2 leopard geckos
  46 orcs
  7 giant cockroaches
  32 goblins
  26 hobgoblins
  9 jackals
  3 quokkas
  4 ball pythons
  5 bats
  5 frilled lizards
  A giant cockroach zombie (D:6)
  A jackal skeleton (D:4)
  10 kobolds
  A quokka skeleton (D:5)
  A quokka zombie (D:5)
  5 rats
  12 fungi
  6 plants
548 creatures vanquished.

Vanquished Creatures (collateral kills)
  A hydra (Lair:4)
1 creature vanquished.

Vanquished Creatures (others)
  A black mamba (Lair:6)
  2 bushes
  4 fungi
  5 plants
12 creatures vanquished.

Grand Total: 561 creatures vanquished

Notes
Turn   | Place    | Note
-------+----------+-------------------------------------------
     0 | D:1      | nikopol the Gargoyle Berserker began the quest for the Orb.
     0 | D:1      | Reached XP level 1. HP: 14/14 MP: 1/1
   240 | D:1      | Reached XP level 2. HP: 13/19 MP: 2/2
   828 | D:1      | Reached XP level 3. HP: 20/23 MP: 3/3
  1036 | D:2      | Reached ** piety under Trog
  1084 | D:2      | HP: 1/34 [adder (2)]
  1490 | D:2      | Found an ornate altar of the Wu Jian Council.
  1553 | D:2      | Reached XP level 4. HP: 29/29 MP: 4/4
  1953 | D:3      | Noticed jrtrd's ghost (amateur HOFi)
  1964 | D:3      | Killed jrtrd's ghost
  1964 | D:3      | Reached XP level 5. HP: 25/34 MP: 5/5
  1964 | D:3      | Reached XP level 6. HP: 29/39 MP: 6/6
  2121 | D:3      | Found a sacrificial altar of Ru.
  2317 | D:3      | Found a blossoming altar of Fedhas.
  2830 | D:3      | Found a hide-covered altar of Uskayaw.
  2831 | D:3      | Noticed a hand axe
  2831 | D:3      | Noticed a hand axe
  2971 | D:4      | Found an iron altar of Okawaru.
  2977 | D:4      | Reached *** piety under Trog
  2981 | D:4      | Reached XP level 7. HP: 28/44 MP: 7/7
  3344 | D:4      | Found a staircase to the Ecumenical Temple.
  3407 | D:4      | Found an iron altar of Okawaru.
  3409 | D:4      | Found a glowing golden altar of the Shining One.
  3409 | D:4      | Found a glowing silver altar of Zin.
  3411 | D:4      | Found a burning altar of Makhleb.
  3411 | D:4      | Found a sparkling altar of Nemelex Xobeh.
  3411 | D:4      | Found a shimmering altar of Xom.
  3438 | D:4      | Noticed Eustachio
  3492 | D:4      | Killed Eustachio
  3492 | D:4      | Reached skill level 5 in Fighting
  4035 | D:4      | Reached **** piety under Trog
  4048 | D:4      | Reached skill level 5 in Armour
  4266 | D:4      | Reached XP level 8. HP: 50/50 MP: 8/8
  4480 | D:4      | Found a shattered altar of Ashenzari.
  4919 | D:5      | Entered Level 5 of the Dungeon
  5460 | D:5      | Noticed Graouh's ghost (novice MiFi)
  5473 | D:5      | Killed Graouh's ghost
  5473 | D:5      | Reached skill level 5 in Axes
  5649 | D:5      | Found a snail-covered altar of Cheibriados.
  5678 | D:5      | Reached XP level 9. HP: 44/56 MP: 9/9
  5966 | D:6      | Reached skill level 5 in Shields
  6045 | D:6      | Noticed Menkaure
  6066 | D:6      | Killed Menkaure
  6236 | D:6      | Noticed Blork the orc
  6243 | D:6      | Killed Blork the orc
  6313 | D:6      | Reached skill level 5 in Dodging
  6459 | D:6      | Noticed Duvessa
  6461 | D:6      | Noticed Dowan
  6473 | D:6      | Killed Duvessa
  6484 | D:6      | Killed Dowan
  6571 | D:6      | Reached ***** piety under Trog
  7034 | D:7      | Found a white marble altar of Elyvilon.
  7194 | D:7      | Found a burning altar of Makhleb.
  7195 | D:7      | Found a radiant altar of Vehumet.
  7595 | D:7      | Reached XP level 10. HP: 55/63 MP: 10/10
  8015 | D:8      | Found a staircase to the Lair.
  8258 | D:8      | Found Tucyiqam's Jewellery Shop.
  8618 | D:8      | Noticed Gastronok
  8634 | D:8      | Killed Gastronok
  8634 | D:8      | Received a gift from Trog
  8694 | D:8      | Noticed Prince Ribbit
  8704 | D:8      | Killed Prince Ribbit
  8810 | D:8      | Found a stormy altar of Qazlal.
  8936 | D:9      | Reached XP level 11. HP: 69/69 MP: 11/11
  9026 | D:9      | Found a staircase to the Orcish Mines.
  9027 | D:9      | Noticed Pikel
  9060 | D:9      | Killed Pikel
  9365 | D:9      | Noticed Grum
  9385 | D:9      | Killed Grum
  9710 | Lair:1   | Entered Level 1 of the Lair of Beasts
  9818 | Lair:1   | Found an ornate altar of the Wu Jian Council.
 11128 | Lair:2   | Reached XP level 12. HP: 73/77 MP: 12/12
 11537 | Lair:3   | Reached skill level 10 in Fighting
 11603 | Lair:3   | Received a gift from Trog
 11838 | Lair:3   | Found a staircase to the Shoals.
 11855 | Lair:3   | Reached skill level 10 in Armour
 12446 | Lair:4   | Found a staircase to the Snake Pit.
 12755 | Lair:4   | You fall through a shaft for 2 floors!
 12755 | Lair:6   | Entered Level 6 of the Lair of Beasts
 12806 | Lair:6   | Reached skill level 10 in Shields
 12844 | Lair:6   | Reached XP level 13. HP: 35/84 MP: 13/13
 12850 | Lair:6   | Reached skill level 10 in Axes
 13219 | Lair:5   | Found a staircase to the Slime Pits.
 13219 | Lair:5   | Found a viscous altar of Jiyva.
 14273 | D:8      | Bought the amulet of Atheism {MR+ Regen+} for 468 gold pieces
 14549 | Lair:5   | Received a gift from Trog
 16117 | Lair:6   | Gained mutation: Your large and strong wings let you fly indefinitely. [Gargoyle growth]
 16117 | Lair:6   | Reached XP level 14. HP: 78/90 MP: 14/14
 16714 | Lair:6   | Found a large runed door.
 16714 | Lair:6   | Found a large runed door.
 16809 | Lair:6   | HP: 3/91 [molten gargoyle/bolt of magma (23)]
 16989 | Lair:6   | Received a gift from Trog
 18029 | Lair:5   | Got a polished cloak
 18035 | Lair:5   | Identified the +2 cloak of Perpetual Drought {rElec} (You found it on level 5 of the Lair of Beasts)
 18040 | Lair:5   | Got a clouded granite ring
 18051 | Lair:5   | Identified the ring "Lomniduv" {rPois rC+ rN+ AC+3} (You found it on level 5 of the Lair of Beasts)
 18245 | Orc:1    | Entered Level 1 of the Orcish Mines
 18388 | Orc:2    | Entered Level 2 of the Orcish Mines
 18701 | Orc:1    | Noticed Harold
 18716 | Orc:2    | Received a gift from Trog
 18779 | Orc:1    | Killed Harold
 19310 | Orc:2    | Paralysed by an orc sorcerer for 3 turns
 19338 | Orc:2    | Noticed Ratty's ghost (adept MiBe)
 19453 | Orc:2    | HP: 1/92 [Ratty's ghost (6)]
 19453 | Orc:2    | Slain by Ratty's ghost

Vault maps used:
D:1:      saegor_arrival_miasma, minivault_11
D:2:      overflow_temple_1_default, serial_park_tiny_pond
D:3:      dancing_weapons_uskayaw, nicolae_overflow_hidden_temple,
          lemuel_crystal_altar
D:4:      minmay_goblin_kobold_castle, okawaru_metal_pillars_1_2,
          doesnt_xom_only_xom, nicolae_overflow_crystal_walls,
          minmay_temple_entry_statues_fountains, minmay_snake_closets,
          uniq_eustachio
D:5:      slow_altar_2, first_bread
D:6:      uniq_duvessa, uniq_blork_the_orc, uniq_menkaure
D:7:      grunt_temple_overflow_lords_of_destruction, elyvilon_altar_1,
          corexii_corridor_pit
D:8:      lemuel_coloured_pillars_altar, dpeg_oklobed_lair, serial_shops,
          nicolae_shop_crystal, uniq_gastronok, uniq_prince_ribbit1
D:9:      orc_0_dummy, hangedman_little_slice_of_home, uniq_pikel, uniq_grum
Lair:1:   basic_altar
Lair:2:   serial_bayou_shore_b
Lair:3:   minmay_shoals_entry_beasts, kennysheep_basilisk_garden
Lair:4:   guppyfry_snake_entry_garden, minivault_19, minmay_lair_oklob_bushes,
          lemuel_fruit_tree
Lair:5:   slime_altar_1, minmay_lindwurm_lava
Lair:6:   cheibrodos_lair_end_hotspot, minivault_19,
          nicolae_lair_grove_arrangements, st_stairs_4
Orc:1:    uniq_harold
Orc:2:    pf_orc_diabolical, serial_shops, shop, shop, uniq_nessos

Skill      XL: |  1  2  3  4  5  6  7  8  9 10 11 12 13 14 |
---------------+-------------------------------------------+-----
Dodging        | 2 3 4 5 6 7 8 9 |  9.5
Axes           | 3 4 5 6 7 8 9 11 12 | 12.1
Armour         | 3 4 5 7 8 9 10 11 12 | 12.0
Fighting       | 4 5 6 7 8 9 10 11 12 | 12.1
Shields        | 2 3 4 6 7 9 10 11 | 11.6

Action                   |  1- 3 |  4- 6 |  7- 9 | 10-12 | 13-15 || total
-------------------------+-------+-------+-------+-------+-------++-------
Melee: Hand axe          |   132 |       |       |   681 |   931 ||  1744
       War axe           |    15 |   138 |   686 |   228 |       ||  1067
       Flail             |       |       |       |       |    13 ||    13
Invok: Berserk           |     1 |     2 |     4 |     6 |     9 ||    22
       Burn Spellbooks   |       |       |       |     1 |     1 ||     2
       Brothers in Arms  |       |       |       |       |     2 ||     2
 Abil: Fly               |       |       |       |       |     1 ||     1
       Stop Flying       |       |       |       |       |     1 ||     1
  Use: Scroll            |       |       |     6 |    12 |     2 ||    20
 Stab: Sleeping          |     1 |       |       |       |       ||     1
  Eat: Chunk             |     1 |     6 |    19 |    24 |    26 ||    76
       Royal jelly       |     1 |       |       |       |       ||     1
       Fruit             |       |       |     3 |       |     4 ||     7
Armor: Animal skin       |    55 |     2 |       |       |       ||    57
       Scale mail        |       |    62 |   339 |   158 |       ||   559
       Gold dragon scale |       |       |       |   313 |   563 ||   876
Dodge: Dodged            |    81 |    55 |   246 |   259 |   226 ||   867
Block: Shield            |       |    65 |   398 |   512 |   567 ||  1542
